Capitals vs Thrashers

Created - February 25 2009 at 19:27

Goals
1 2 3 T
Capitals 1 1 0 2
Thrashers 3 0 1 4
Shots
1 2 3 T
Capitals 15 5 7 27
Thrashers 13 13 11 37

Period #1

1. Thrashers , Dany Heatley 32 (Eric Brewer, Milan Michalek) at 8:17
2. Thrashers , Dainius Zubrus 8 (Samuel Pahlsson) at 8:45
3. Capitals , Scott Hartnell 15 (Brad Richards, Filip Kuba) at 18:35
4. Thrashers , Alexei Ponikarovsky 11 (Shea Weber) at 19:08

Penalties :
Matt Cooke (ATL) for Boarding (Minor) at 3:48, Scott Hartnell (WSH) for Hooking (Minor) at 10:40, Nick Boynton (ATL) for Holding (Minor) at 14:35

Period #2

5. Capitals , Rob Davison 2 (Rostislav Klesla, Martin Gelinas) at 14:43

Penalties :
Martin Gelinas (WSH) for Holding Stick (Minor) at 1:33, Mike Commodore (WSH) for Hooking (Minor) at 3:52, Brenden Morrow (ATL) for Tripping (Minor) at 12:41, Nick Boynton (ATL) for Fighting (Major) at 19:03, Scott Hartnell (WSH) for Fighting (Major) at 19:03

Period #3

6. Thrashers , Milan Michalek 11 (Patrice Bergeron, Brad Stuart) at 11:38 (PP)

Penalties :
Brenden Morrow (ATL) for Interference (Minor) at 2:32, Matt Cooke (ATL) for Hooking (Minor) at 5:09, Scott Hartnell (WSH) for Boarding (Minor) at 9:54, Scott Hartnell (WSH) for Hooking (Minor) at 12:53, Rostislav Klesla (WSH) for Holding (Minor) at 16:25

Goalie Stats

Jason LaBarbera (WSH), 33 saves from 37 shots - (0.892), L, 8-13-1, 60:00 minutes
Ilja Bryzgalov (ATL), 25 saves from 27 shots - (0.926), W, 37-9-1, 60:00 minutes

Players Stats

Capitals
Player Name              G  A  P  +/- PIM S  H  SB FO    MP 
------------------------------------------------------------
Brad Richards            0  1  1   0  0   1  0  0  10/26 23 
Bryan Bickell            0  0  0   0  0   0  0  0  0/1   2  
David Legwand            0  0  0  -2  0   3  0  0  6/20  18 
Filip Kuba               0  1  1  -1  0   1  0  3  0/0   22 
Jaime Sifers             0  0  0   0  0   0  0  0  0/0   1  
Jeff Taffe               0  0  0   1  0   0  0  0  0/0   7  
Jonathan Cheechoo        0  0  0  -2  0   6  2  0  1/1   18 
Martin Gelinas           0  1  1   0  2   2  1  0  0/0   16 
Matt Pettinger           0  0  0   1  0   1  2  0  2/3   19 
Mike Commodore           0  0  0   0  2   0  3  0  0/0   17 
Pavol Demitra            0  0  0   0  0   4  0  0  2/6   19 
Petr Vrana               0  0  0   1  0   0  0  0  6/29  18 
Rob Davison              1  0  1   1  0   1  3  0  0/0   18 
Rostislav Klesla         0  1  1   0  2   0  1  2  0/0   22 
Scott Hartnell           1  0  1   0  11  4  2  0  0/1   15 
Tobias Enstrom           0  0  0  -2  0   1  0  0  0/0   20 
Tom Gilbert              0  0  0   0  0   2  0  0  0/0   20 
Tomas Fleischmann        0  0  0  -2  0   1  0  0  0/2   15 
Thrashers
Player Name              G  A  P  +/- PIM S  H  SB FO    MP 
------------------------------------------------------------
Alexei Ponikarovsky      1  0  1   1  0   2  0  0  0/0   13 
Brad Stuart              0  1  1   0  0   4  2  0  0/0   21 
Brenden Morrow           0  0  0   0  4   6  3  0  0/0   19 
Bret Hedican             0  0  0   0  0   2  3  1  0/0   20 
Dainius Zubrus           1  0  1   1  0   2  1  0  2/2   13 
Dany Heatley             1  0  1   0  0   3  0  0  1/2   18 
Dean McAmmond            0  0  0   0  0   0  0  1  0/0   7  
Derian Hatcher           0  0  0   1  0   0  1  4  0/0   17 
Eric Brewer              0  1  1   0  0   2  1  2  0/0   24 
Glen Murray              0  0  0   0  0   0  1  0  1/1   16 
Henrik Zetterberg        0  0  0   0  0   5  0  0  21/28 18 
Martin Hanzal            0  0  0   0  0   0  0  0  6/9   7  
Matt Cooke               0  0  0   0  4   1  4  0  0/0   10 
Milan Michalek           1  1  2   0  0   5  3  0  3/3   13 
Nick Boynton             0  0  0   0  7   0  2  0  0/0   17 
Patrice Bergeron         0  1  1   0  0   3  1  0  19/28 18 
Samuel Pahlsson          0  1  1   1  0   1  4  0  9/16  18 
Shea Weber               0  1  1   1  0   1  0  2  0/0   19 

3 Stars

1 - Milan Michalek (ATL)
2 - Rob Davison (WSH)
3 - Dainius Zubrus (ATL)

Power Play

Capitals - 0 on 5 Attempt(s) - 0.00%
Thrashers - 1 on 6 Attempt(s) - 16.67%

Penalty Kill

Capitals - 5 on 6 Attempt(s) - 83.33% - Score 0 goal in Penalty Kill
Thrashers - 5 on 5 Attempt(s) - 100.00% - Score 0 goal in Penalty Kill

Game Notes

Scott Hartnell beats up Nick Boynton at 19:03 of 2nd period

Finance

Level 1 -- Attendance: 5422 (87.71%) -- Ticket Income $531,356.00
Level 2 -- Attendance: 4459 (86.57%) -- Ticket Income $267,540.00
Level 3 -- Attendance: 1595 (77.39%) -- Ticket Income $59,015.00
Level 4 -- Attendance: 3430 (83.23%) -- Ticket Income $75,460.00
Luxury Box -- Attendance: 873 (84.76%) -- Ticket Income $166,743.00
Game was played at the Philips Arena
Total Attendance: 15779 (85.08%)
Total Ticket Income: $1,203,591.00
Other Income: $413,146.20
Total Income: $1,616,736.00


Team Lines

Capitals

5 vs 5
   Center                   Left Wing                Right Wing               Defense                  Defense                  
 1 Brad Richards            Pavol Demitra            Scott Hartnell           Filip Kuba               Rostislav Klesla         
 2 David Legwand            Tomas Fleischmann        Jonathan Cheechoo        Tobias Enstrom           Mike Commodore           
 3 Petr Vrana               Martin Gelinas           Matt Pettinger           Tom Gilbert              Rob Davison              
 4 Petr Vrana               Jeff Taffe               Matt Pettinger           Tom Gilbert              Rob Davison              

Power Play
   Center                   Left Wing                Right Wing               Defense                  Defense                  
 1 David Legwand            Pavol Demitra            Jonathan Cheechoo        Tobias Enstrom           Filip Kuba               
 2 Brad Richards            Martin Gelinas           Scott Hartnell           Rostislav Klesla         Tom Gilbert              

Penalty Kill - 4 Players
   Center                   Wing                     Defense                  Defense                  
 1 Brad Richards            Matt Pettinger           Rostislav Klesla         Mike Commodore           
 2 Petr Vrana               Martin Gelinas           Filip Kuba               Rob Davison              

4 vs 4
   Center                   Wing                     Defense                  Defense                  
 1 David Legwand            Jonathan Cheechoo        Tobias Enstrom           Filip Kuba               
 2 Brad Richards            Scott Hartnell           Rostislav Klesla         Tom Gilbert              

Penalty Kill - 3 Players
   Forward                  Defense                  Defense                  
 1 Brad Richards            Rostislav Klesla         Mike Commodore           
 2 Petr Vrana               Filip Kuba               Rob Davison              

Goaltenders
Starting : Jason LaBarbera          
Backup : Marty Turco              

Extra Forwards
Brad Richards, David Legwand, Pavol Demitra, Tomas Fleischmann, Jonathan Cheechoo
Extra Defensemen
Filip Kuba, Tobias Enstrom, Mike Commodore, Tom Gilbert, Rostislav Klesla
Penalty Shots
Brad Richards, David Legwand, Tomas Fleischmann, Pavol Demitra, Jonathan Cheechoo
Coach Strategy
Physical Style: 0 - Defense Style: 3 - Offense Style: 2

Thrashers

5 vs 5
   Center                   Left Wing                Right Wing               Defense                  Defense                  
 1 Henrik Zetterberg        Milan Michalek           Dany Heatley             Eric Brewer              Brad Stuart              
 2 Patrice Bergeron         Brenden Morrow           Glen Murray              Nick Boynton             Bret Hedican             
 3 Samuel Pahlsson          Alexei Ponikarovsky      Dainius Zubrus           Derian Hatcher           Shea Weber               
 4 Martin Hanzal            Dean McAmmond            Matt Cooke               Brad Stuart              Eric Brewer              

Power Play
   Center                   Left Wing                Right Wing               Defense                  Defense                  
 1 Henrik Zetterberg        Brenden Morrow           Dany Heatley             Eric Brewer              Shea Weber               
 2 Patrice Bergeron         Milan Michalek           Glen Murray              Bret Hedican             Brad Stuart              

Penalty Kill - 4 Players
   Center                   Wing                     Defense                  Defense                  
 1 Samuel Pahlsson          Matt Cooke               Eric Brewer              Derian Hatcher           
 2 Henrik Zetterberg        Brenden Morrow           Bret Hedican             Nick Boynton             

4 vs 4
   Center                   Wing                     Defense                  Defense                  
 1 Henrik Zetterberg        Dany Heatley             Eric Brewer              Shea Weber               
 2 Patrice Bergeron         Brenden Morrow           Bret Hedican             Brad Stuart              

Penalty Kill - 3 Players
   Forward                  Defense                  Defense                  
 1 Samuel Pahlsson          Eric Brewer              Derian Hatcher           
 2 Henrik Zetterberg        Bret Hedican             Nick Boynton             

Goaltenders
Starting : Ilja Bryzgalov           
Backup : Dan Cloutier             

Extra Forwards
Dany Heatley, Henrik Zetterberg, Brenden Morrow, Patrice Bergeron, Milan Michalek
Extra Defensemen
Eric Brewer, Shea Weber, Brad Stuart, Bret Hedican, Nick Boynton
Penalty Shots
Dany Heatley, Henrik Zetterberg, Brenden Morrow, Milan Michalek, Patrice Bergeron
Coach Strategy
Physical Style: 1 - Defense Style: 3 - Offense Style: 1

Play by Play

Period #1

0:01 of 1st period - Brad Richards wins face-off versus Dany Heatley in neutral zone.
0:20 of 1st period - Shot by Scott Hartnell.
0:20 of 1st period - Stopped by Ilja Bryzgalov with a rebound.
0:27 of 1st period - Icing by Henrik Zetterberg.
0:28 of 1st period - David Legwand wins face-off versus Henrik Zetterberg in Thrashers zone.
0:37 of 1st period - Shot by David Legwand.
0:37 of 1st period - Stopped by Ilja Bryzgalov without a rebound.
0:38 of 1st period - Petr Vrana wins face-off versus Patrice Bergeron in Thrashers zone.
0:38 of 1st period - Petr Vrana is hit by Bret Hedican.
0:58 of 1st period - Shot by Petr Vrana.
0:58 of 1st period - Shot Misses the Net.
1:02 of 1st period - Shot by Martin Gelinas.
1:02 of 1st period - Shot Misses the Net.
1:17 of 1st period - Icing by Bret Hedican.
1:18 of 1st period - Brad Richards wins face-off versus Patrice Bergeron in Thrashers zone.
1:22 of 1st period - Brad Richards is hit by Nick Boynton and loses puck.
3:18 of 1st period - Rostislav Klesla is hit by Samuel Pahlsson and loses puck.
3:48 of 1st period - Minor Penalty to Matt Cooke for Boarding.
3:49 of 1st period - Henrik Zetterberg wins face-off versus David Legwand in Capitals zone.
3:50 of 1st period - Shot by Brenden Morrow.
3:50 of 1st period - Stopped by Jason LaBarbera with a rebound.
3:56 of 1st period - Shot by Jonathan Cheechoo.
3:56 of 1st period - Stopped by Ilja Bryzgalov with a rebound.
4:00 of 1st period - Shot by Tomas Fleischmann.
4:00 of 1st period - Stopped by Ilja Bryzgalov with a rebound.
4:04 of 1st period - Shot by David Legwand.
4:04 of 1st period - Stopped by Ilja Bryzgalov without a rebound.
4:05 of 1st period - David Legwand wins face-off versus Henrik Zetterberg in Thrashers zone.
5:12 of 1st period - Shot by Tom Gilbert.
5:12 of 1st period - Deflect By Martin Gelinas.
5:12 of 1st period - Stopped by Ilja Bryzgalov without a rebound.
5:13 of 1st period - Henrik Zetterberg wins face-off versus David Legwand in Thrashers zone.
5:35 of 1st period - Shot by David Legwand.
5:35 of 1st period - Deflect By Jonathan Cheechoo.
5:35 of 1st period - Stopped by Ilja Bryzgalov without a rebound.
5:36 of 1st period - Patrice Bergeron wins face-off versus Bryan Bickell in Thrashers zone.
7:12 of 1st period - Shot by Jonathan Cheechoo.
7:12 of 1st period - Stopped by Ilja Bryzgalov without a rebound.
7:13 of 1st period - Henrik Zetterberg wins face-off versus David Legwand in Thrashers zone.
7:13 of 1st period - Henrik Zetterberg is hit by Jonathan Cheechoo.
7:25 of 1st period - Shot by Henrik Zetterberg.
7:25 of 1st period - Stopped by Jason LaBarbera without a rebound.
7:26 of 1st period - Brad Richards wins face-off versus Samuel Pahlsson in Capitals zone.
7:53 of 1st period - Shot by Alexei Ponikarovsky.
7:53 of 1st period - Deflect By Dainius Zubrus.
7:53 of 1st period - Stopped by Jason LaBarbera without a rebound.
7:54 of 1st period - David Legwand wins face-off versus Henrik Zetterberg in Capitals zone.
8:12 of 1st period - Milan Michalek is hit by Mike Commodore and loses puck.
8:17 of 1st period - Shot by Dany Heatley.
8:17 of 1st period - Goal by Dany Heatley - Capitals : 0 - Thrashers : 1.
8:18 of 1st period - Martin Hanzal wins face-off versus Petr Vrana in neutral zone.
8:28 of 1st period - Icing by Tobias Enstrom.
8:29 of 1st period - Patrice Bergeron wins face-off versus Petr Vrana in Capitals zone.
8:29 of 1st period - Brenden Morrow is hit by Rob Davison and loses puck.
8:37 of 1st period - Off-side.
8:38 of 1st period - Samuel Pahlsson wins face-off versus Brad Richards in neutral zone.
8:45 of 1st period - Shot by Dainius Zubrus.
8:45 of 1st period - Goal by Dainius Zubrus - Capitals : 0 - Thrashers : 2.
8:46 of 1st period - Patrice Bergeron wins face-off versus Petr Vrana in neutral zone.
9:00 of 1st period - Icing by Rob Davison.
9:01 of 1st period - Samuel Pahlsson wins face-off versus Petr Vrana in Capitals zone.
9:25 of 1st period - Off-side.
9:26 of 1st period - Henrik Zetterberg wins face-off versus Pavol Demitra in neutral zone.
9:29 of 1st period - Shot by Dany Heatley.
9:29 of 1st period - Shot Blocked by Filip Kuba.
9:31 of 1st period - Shot by Henrik Zetterberg.
9:31 of 1st period - Shot Hit the Post.
9:33 of 1st period - Shot by Henrik Zetterberg.
9:33 of 1st period - Stopped by Jason LaBarbera without a rebound.
9:34 of 1st period - Patrice Bergeron wins face-off versus David Legwand in Capitals zone.
9:40 of 1st period - Tobias Enstrom is hit by Glen Murray and loses puck.
10:15 of 1st period - David Legwand is hit by Bret Hedican and loses puck.
10:33 of 1st period - Shot by Pavol Demitra.
10:33 of 1st period - Deflect By Scott Hartnell.
10:33 of 1st period - Shot Misses the Net.
10:37 of 1st period - Shot by Scott Hartnell.
10:37 of 1st period - Stopped by Ilja Bryzgalov without a rebound.
10:38 of 1st period - Henrik Zetterberg wins face-off versus Brad Richards in Thrashers zone.
10:40 of 1st period - Minor Penalty to Scott Hartnell for Hooking.
10:41 of 1st period - Henrik Zetterberg wins face-off versus Petr Vrana in neutral zone.
11:25 of 1st period - Milan Michalek is hit by Martin Gelinas and loses puck.
11:36 of 1st period - Shot by Martin Gelinas.
11:36 of 1st period - Stopped by Ilja Bryzgalov without a rebound.
11:37 of 1st period - Glen Murray wins face-off versus Brad Richards in Thrashers zone.
11:42 of 1st period - Matt Pettinger is hit by Brenden Morrow and loses puck.
11:49 of 1st period - Shot by Brenden Morrow.
11:49 of 1st period - Shot Misses the Net.
11:51 of 1st period - Shot by Glen Murray.
11:51 of 1st period - Shot Misses the Net.
11:53 of 1st period - Shot by Brenden Morrow.
11:53 of 1st period - Deflect By Patrice Bergeron.
11:53 of 1st period - Stopped by Jason LaBarbera without a rebound.
11:54 of 1st period - Patrice Bergeron wins face-off versus Petr Vrana in Capitals zone.
12:11 of 1st period - Shot by Patrice Bergeron.
12:11 of 1st period - Shot Misses the Net.
12:13 of 1st period - Shot by Brad Stuart.
12:13 of 1st period - Stopped by Jason LaBarbera with a rebound.
12:15 of 1st period - Shot by Brad Stuart.
12:15 of 1st period - Stopped by Jason LaBarbera with a rebound.
12:19 of 1st period - Shot by Patrice Bergeron.
12:19 of 1st period - Shot Misses the Net.
12:21 of 1st period - Shot by Nick Boynton.
12:21 of 1st period - Shot Misses the Net.
12:23 of 1st period - Shot by Brad Stuart.
12:23 of 1st period - Stopped by Jason LaBarbera with a rebound.
12:37 of 1st period - Shot by Henrik Zetterberg.
12:37 of 1st period - Stopped by Jason LaBarbera with a rebound.
12:39 of 1st period - Shot by Brenden Morrow.
12:39 of 1st period - Shot Hit the Post.
12:42 of 1st period - Icing by Tom Gilbert.
12:43 of 1st period - Brad Richards wins face-off versus Samuel Pahlsson in Capitals zone.
13:01 of 1st period - Tom Gilbert is hit by Dainius Zubrus and loses puck.
14:06 of 1st period - Martin Hanzal is hit by Mike Commodore and loses puck.
14:24 of 1st period - David Legwand is hit by Nick Boynton and loses puck.
14:30 of 1st period - Off-side.
14:31 of 1st period - Patrice Bergeron wins face-off versus Petr Vrana in neutral zone.
14:35 of 1st period - Minor Penalty to Nick Boynton for Holding.
14:36 of 1st period - Henrik Zetterberg wins face-off versus Pavol Demitra in Thrashers zone.
14:45 of 1st period - Shot by Pavol Demitra.
14:45 of 1st period - Stopped by Ilja Bryzgalov without a rebound.
14:46 of 1st period - Brad Richards wins face-off versus Henrik Zetterberg in Thrashers zone.
14:46 of 1st period - Brad Richards is hit by Bret Hedican.
14:48 of 1st period - Shot by Scott Hartnell.
14:48 of 1st period - Shot Misses the Net.
15:45 of 1st period - Shot by Jonathan Cheechoo.
15:45 of 1st period - Shot Misses the Net.
16:59 of 1st period - Shot by Matt Pettinger.
16:59 of 1st period - Stopped by Ilja Bryzgalov without a rebound.
17:00 of 1st period - Petr Vrana wins face-off versus Samuel Pahlsson in Thrashers zone.
18:35 of 1st period - Shot by Scott Hartnell.
18:35 of 1st period - Goal by Scott Hartnell - Capitals : 1 - Thrashers : 2.
18:36 of 1st period - Martin Hanzal wins face-off versus Brad Richards in neutral zone.
18:44 of 1st period - Shot by Scott Hartnell.
18:44 of 1st period - Stopped by Ilja Bryzgalov without a rebound.
18:45 of 1st period - Samuel Pahlsson wins face-off versus David Legwand in Thrashers zone.
19:08 of 1st period - Shot by Alexei Ponikarovsky.
19:08 of 1st period - Goal by Alexei Ponikarovsky - Capitals : 1 - Thrashers : 3.
19:09 of 1st period - Henrik Zetterberg wins face-off versus Brad Richards in neutral zone.
19:26 of 1st period - Shot by Milan Michalek.
19:26 of 1st period - Stopped by Jason LaBarbera without a rebound.
19:27 of 1st period - David Legwand wins face-off versus Patrice Bergeron in Capitals zone.
19:44 of 1st period - Shot by Jonathan Cheechoo.
19:44 of 1st period - Stopped by Ilja Bryzgalov with a rebound.

Period #2

0:01 of 2nd period - Henrik Zetterberg wins face-off versus Brad Richards in neutral zone.
0:06 of 2nd period - Shot by Milan Michalek.
0:06 of 2nd period - Shot Misses the Net.
0:12 of 2nd period - Rostislav Klesla is hit by Milan Michalek and loses puck.
0:40 of 2nd period - Shot by Henrik Zetterberg.
0:40 of 2nd period - Shot Misses the Net.
1:18 of 2nd period - Shot by Jonathan Cheechoo.
1:18 of 2nd period - Stopped by Ilja Bryzgalov without a rebound.
1:19 of 2nd period - Samuel Pahlsson wins face-off versus Petr Vrana in Thrashers zone.
1:25 of 2nd period - Shea Weber is hit by Rob Davison and loses puck.
1:29 of 2nd period - Icing by Tom Gilbert.
1:30 of 2nd period - Matt Pettinger wins face-off versus Samuel Pahlsson in Capitals zone.
1:30 of 2nd period - Matt Pettinger is hit by Samuel Pahlsson.
1:33 of 2nd period - Minor Penalty to Martin Gelinas for Holding Stick.
1:34 of 2nd period - Petr Vrana wins face-off versus Henrik Zetterberg in neutral zone.
1:56 of 2nd period - Shot by Shea Weber.
1:56 of 2nd period - Stopped by Jason LaBarbera without a rebound.
1:57 of 2nd period - Milan Michalek wins face-off versus Petr Vrana in Capitals zone.
2:25 of 2nd period - Shot by Brad Stuart.
2:25 of 2nd period - Stopped by Jason LaBarbera with a rebound.
2:29 of 2nd period - Shot by Patrice Bergeron.
2:29 of 2nd period - Shot Misses the Net.
2:31 of 2nd period - Shot by Patrice Bergeron.
2:31 of 2nd period - Stopped by Jason LaBarbera with a rebound.
2:33 of 2nd period - Shot by Bret Hedican.
2:33 of 2nd period - Stopped by Jason LaBarbera with a rebound.
2:55 of 2nd period - Shot by Dany Heatley.
2:55 of 2nd period - Stopped by Jason LaBarbera without a rebound.
2:56 of 2nd period - Henrik Zetterberg wins face-off versus Brad Richards in Capitals zone.
3:17 of 2nd period - Shot by Dany Heatley.
3:17 of 2nd period - Stopped by Jason LaBarbera without a rebound.
3:18 of 2nd period - Patrice Bergeron wins face-off versus Pavol Demitra in Capitals zone.
3:44 of 2nd period - Alexei Ponikarovsky is hit by Jonathan Cheechoo and loses puck.
3:52 of 2nd period - Minor Penalty to Mike Commodore for Hooking.
3:53 of 2nd period - Brad Richards wins face-off versus Patrice Bergeron in Capitals zone.
5:55 of 2nd period - Icing by Mike Commodore.
5:56 of 2nd period - Martin Hanzal wins face-off versus David Legwand in Capitals zone.
6:16 of 2nd period - Mike Commodore is hit by Matt Cooke and loses puck.
6:55 of 2nd period - Shot by Scott Hartnell.
6:55 of 2nd period - Shot Blocked by Derian Hatcher.
7:00 of 2nd period - Icing by Derian Hatcher.
7:01 of 2nd period - Samuel Pahlsson wins face-off versus Tomas Fleischmann in Thrashers zone.
7:24 of 2nd period - Off-side.
7:25 of 2nd period - Henrik Zetterberg wins face-off versus Petr Vrana in neutral zone.
7:33 of 2nd period - Shot by Milan Michalek.
7:33 of 2nd period - Shot Misses the Net.
7:35 of 2nd period - Shot by Eric Brewer.
7:35 of 2nd period - Stopped by Jason LaBarbera without a rebound.
7:36 of 2nd period - Patrice Bergeron wins face-off versus David Legwand in Capitals zone.
7:36 of 2nd period - Patrice Bergeron is hit by Mike Commodore.
7:38 of 2nd period - Shot by Brenden Morrow.
7:38 of 2nd period - Stopped by Jason LaBarbera without a rebound.
7:39 of 2nd period - Jonathan Cheechoo wins face-off versus Patrice Bergeron in Capitals zone.
7:54 of 2nd period - Shot by Tomas Fleischmann.
7:54 of 2nd period - Shot Misses the Net.
10:27 of 2nd period - Icing by Mike Commodore.
10:28 of 2nd period - Martin Hanzal wins face-off versus Tomas Fleischmann in Capitals zone.
10:47 of 2nd period - Tomas Fleischmann is hit by Brad Stuart.
10:59 of 2nd period - Shot by Martin Hanzal.
10:59 of 2nd period - Shot Misses the Net.
11:25 of 2nd period - Shot by Alexei Ponikarovsky.
11:25 of 2nd period - Shot Misses the Net.
11:27 of 2nd period - Shot by Alexei Ponikarovsky.
11:27 of 2nd period - Shot Misses the Net.
11:49 of 2nd period - Shot by Brenden Morrow.
11:49 of 2nd period - Stopped by Jason LaBarbera without a rebound.
11:50 of 2nd period - Henrik Zetterberg wins face-off versus Petr Vrana in Capitals zone.
11:50 of 2nd period - Dany Heatley is hit by Rob Davison and loses puck.
12:01 of 2nd period - Icing by Tom Gilbert.
12:02 of 2nd period - Petr Vrana wins face-off versus Patrice Bergeron in Capitals zone.
12:02 of 2nd period - Martin Gelinas is hit by Brenden Morrow and loses puck.
12:06 of 2nd period - Icing by Tom Gilbert.
12:07 of 2nd period - Matt Pettinger wins face-off versus Henrik Zetterberg in Capitals zone.
12:07 of 2nd period - Matt Pettinger is hit by Milan Michalek.
12:33 of 2nd period - Icing by Tom Gilbert.
12:34 of 2nd period - Patrice Bergeron wins face-off versus Petr Vrana in Capitals zone.
12:35 of 2nd period - Shot by Brenden Morrow.
12:35 of 2nd period - Stopped by Jason LaBarbera without a rebound.
12:36 of 2nd period - Brad Richards wins face-off versus Patrice Bergeron in Capitals zone.
12:36 of 2nd period - Brad Richards is hit by Brenden Morrow.
12:41 of 2nd period - Minor Penalty to Brenden Morrow for Tripping.
12:42 of 2nd period - Henrik Zetterberg wins face-off versus David Legwand in Capitals zone.
12:47 of 2nd period - Shot by Dany Heatley.
12:47 of 2nd period - Shot Misses the Net.
12:58 of 2nd period - Shot by Pavol Demitra.
12:58 of 2nd period - Stopped by Ilja Bryzgalov without a rebound.
12:59 of 2nd period - Samuel Pahlsson wins face-off versus Brad Richards in Thrashers zone.
12:59 of 2nd period - Samuel Pahlsson is hit by Scott Hartnell.
13:10 of 2nd period - Icing by Rostislav Klesla.
13:11 of 2nd period - Henrik Zetterberg wins face-off versus Scott Hartnell in Capitals zone.
13:11 of 2nd period - Henrik Zetterberg is hit by Rostislav Klesla.
13:28 of 2nd period - Brad Richards is hit by Eric Brewer and loses puck.
13:35 of 2nd period - Shot by Martin Gelinas.
13:35 of 2nd period - Shot Misses the Net.
14:29 of 2nd period - Shot by Tom Gilbert.
14:29 of 2nd period - Shot Blocked by Derian Hatcher.
14:31 of 2nd period - Shot by Scott Hartnell.
14:31 of 2nd period - Deflect By Brad Richards.
14:31 of 2nd period - Shot Blocked by Eric Brewer.
14:39 of 2nd period - Shot by Martin Gelinas.
14:39 of 2nd period - Shot Misses the Net.
14:41 of 2nd period - Shot by Rostislav Klesla.
14:41 of 2nd period - Shot Blocked by Derian Hatcher.
14:43 of 2nd period - Shot by Rob Davison.
14:43 of 2nd period - Goal by Rob Davison - Capitals : 2 - Thrashers : 3.
14:44 of 2nd period - Patrice Bergeron wins face-off versus Petr Vrana in neutral zone.
14:58 of 2nd period - Off-side.
14:59 of 2nd period - David Legwand wins face-off versus Samuel Pahlsson in neutral zone.
15:08 of 2nd period - Shot by Samuel Pahlsson.
15:08 of 2nd period - Stopped by Jason LaBarbera without a rebound.
15:09 of 2nd period - Martin Hanzal wins face-off versus Matt Pettinger in Capitals zone.
15:38 of 2nd period - Shot by Matt Cooke.
15:38 of 2nd period - Stopped by Jason LaBarbera with a rebound.
17:19 of 2nd period - Shot by Dany Heatley.
17:19 of 2nd period - Deflect By Henrik Zetterberg.
17:19 of 2nd period - Stopped by Jason LaBarbera without a rebound.
17:20 of 2nd period - Pavol Demitra wins face-off versus Martin Hanzal in Capitals zone.
17:20 of 2nd period - Pavol Demitra is hit by Matt Cooke.
17:34 of 2nd period - Shot by Pavol Demitra.
17:34 of 2nd period - Shot Blocked by Dean McAmmond.
17:38 of 2nd period - Shot by Pavol Demitra.
17:38 of 2nd period - Stopped by Ilja Bryzgalov with a rebound.
18:23 of 2nd period - Icing by Matt Cooke.
18:24 of 2nd period - Martin Hanzal wins face-off versus David Legwand in Thrashers zone.
18:43 of 2nd period - Shot by Jonathan Cheechoo.
18:43 of 2nd period - Stopped by Ilja Bryzgalov without a rebound.
18:44 of 2nd period - Patrice Bergeron wins face-off versus Brad Richards in Thrashers zone.
18:44 of 2nd period - Patrice Bergeron is hit by Scott Hartnell.
18:56 of 2nd period - Shot by Patrice Bergeron.
18:56 of 2nd period - Shot Blocked by Rostislav Klesla.
18:58 of 2nd period - Shot by Patrice Bergeron.
18:58 of 2nd period - Shot Misses the Net.
19:03 of 2nd period - Scott Hartnell beats up Nick Boynton.
19:03 of 2nd period - Penalty to Nick Boynton for Fighting.
19:03 of 2nd period - Penalty to Scott Hartnell for Fighting.
19:04 of 2nd period - Samuel Pahlsson wins face-off versus David Legwand in Capitals zone.
19:17 of 2nd period - Shot by Alexei Ponikarovsky.
19:17 of 2nd period - Shot Misses the Net.
19:19 of 2nd period - Shot by Alexei Ponikarovsky.
19:19 of 2nd period - Shot Misses the Net.
19:23 of 2nd period - Shot by Samuel Pahlsson.
19:23 of 2nd period - Shot Misses the Net.
19:35 of 2nd period - Jonathan Cheechoo is hit by Samuel Pahlsson and loses puck.

Period #3

0:01 of 3rd period - Henrik Zetterberg wins face-off versus Brad Richards in neutral zone.
0:10 of 3rd period - Shot by Milan Michalek.
0:10 of 3rd period - Shot Blocked by Filip Kuba.
0:12 of 3rd period - Shot by Milan Michalek.
0:12 of 3rd period - Stopped by Jason LaBarbera with a rebound.
0:14 of 3rd period - Shot by Henrik Zetterberg.
0:14 of 3rd period - Shot Blocked by Filip Kuba.
0:16 of 3rd period - Shot by Henrik Zetterberg.
0:16 of 3rd period - Stopped by Jason LaBarbera without a rebound.
0:17 of 3rd period - Petr Vrana wins face-off versus Patrice Bergeron in Capitals zone.
0:54 of 3rd period - Icing by Rob Davison.
0:55 of 3rd period - Dainius Zubrus wins face-off versus Petr Vrana in Capitals zone.
1:14 of 3rd period - Shot by Alexei Ponikarovsky.
1:14 of 3rd period - Stopped by Jason LaBarbera without a rebound.
1:15 of 3rd period - Brad Richards wins face-off versus Henrik Zetterberg in Capitals zone.
1:15 of 3rd period - Brad Richards is hit by Milan Michalek.
1:31 of 3rd period - Shot by Filip Kuba.
1:31 of 3rd period - Stopped by Ilja Bryzgalov without a rebound.
1:32 of 3rd period - Samuel Pahlsson wins face-off versus David Legwand in Thrashers zone.
1:58 of 3rd period - Shot by Jonathan Cheechoo.
1:58 of 3rd period - Shot Misses the Net.
2:00 of 3rd period - Shot by David Legwand.
2:00 of 3rd period - Shot Blocked by Shea Weber.
2:04 of 3rd period - Shot by Tobias Enstrom.
2:04 of 3rd period - Stopped by Ilja Bryzgalov without a rebound.
2:05 of 3rd period - Patrice Bergeron wins face-off versus Brad Richards in Thrashers zone.
2:05 of 3rd period - Patrice Bergeron is hit by Matt Pettinger.
2:13 of 3rd period - Shot by Glen Murray.
2:13 of 3rd period - Deflect By Patrice Bergeron.
2:13 of 3rd period - Stopped by Jason LaBarbera without a rebound.
2:14 of 3rd period - Henrik Zetterberg wins face-off versus Brad Richards in Capitals zone.
2:15 of 3rd period - Shot by Milan Michalek.
2:15 of 3rd period - Shot Blocked by Rostislav Klesla.
2:17 of 3rd period - Shot by Eric Brewer.
2:17 of 3rd period - Stopped by Jason LaBarbera with a rebound.
2:19 of 3rd period - Shot by Milan Michalek.
2:19 of 3rd period - Stopped by Jason LaBarbera without a rebound.
2:20 of 3rd period - Patrice Bergeron wins face-off versus Brad Richards in Capitals zone.
2:32 of 3rd period - Minor Penalty to Brenden Morrow for Interference.
2:33 of 3rd period - Henrik Zetterberg wins face-off versus Brad Richards in neutral zone.
2:54 of 3rd period - Shot by Tom Gilbert.
2:54 of 3rd period - Shot Misses the Net.
2:56 of 3rd period - Shot by Pavol Demitra.
2:56 of 3rd period - Shot Misses the Net.
2:58 of 3rd period - Shot by Tom Gilbert.
2:58 of 3rd period - Stopped by Ilja Bryzgalov without a rebound.
2:59 of 3rd period - David Legwand wins face-off versus Samuel Pahlsson in Thrashers zone.
4:32 of 3rd period - Shot by Jonathan Cheechoo.
4:32 of 3rd period - Shot Blocked by Derian Hatcher.
5:09 of 3rd period - Minor Penalty to Matt Cooke for Hooking.
5:10 of 3rd period - Dany Heatley wins face-off versus David Legwand in Capitals zone.
5:28 of 3rd period - Shot by Jonathan Cheechoo.
5:28 of 3rd period - Shot Blocked by Bret Hedican.
6:57 of 3rd period - Shot by Filip Kuba.
6:57 of 3rd period - Shot Blocked by Eric Brewer.
7:31 of 3rd period - Rob Davison is hit by Matt Cooke and loses puck.
7:41 of 3rd period - Off-side.
7:42 of 3rd period - Pavol Demitra wins face-off versus Samuel Pahlsson in neutral zone.
7:56 of 3rd period - Brad Richards is hit by Derian Hatcher and loses puck.
7:59 of 3rd period - Shot by Pavol Demitra.
7:59 of 3rd period - Stopped by Ilja Bryzgalov without a rebound.
8:00 of 3rd period - Patrice Bergeron wins face-off versus David Legwand in Thrashers zone.
8:05 of 3rd period - Shot by Glen Murray.
8:05 of 3rd period - Shot Misses the Net.
8:09 of 3rd period - Shot by Brenden Morrow.
8:09 of 3rd period - Shot Misses the Net.
8:11 of 3rd period - Shot by Brenden Morrow.
8:11 of 3rd period - Shot Misses the Net.
8:15 of 3rd period - Shot by Patrice Bergeron.
8:15 of 3rd period - Shot Misses the Net.
8:17 of 3rd period - Shot by Brenden Morrow.
8:17 of 3rd period - Stopped by Jason LaBarbera without a rebound.
8:18 of 3rd period - Petr Vrana wins face-off versus Martin Hanzal in Capitals zone.
8:18 of 3rd period - Petr Vrana is hit by Matt Cooke.
8:26 of 3rd period - Shot by Tom Gilbert.
8:26 of 3rd period - Stopped by Ilja Bryzgalov without a rebound.
8:27 of 3rd period - Milan Michalek wins face-off versus Petr Vrana in Thrashers zone.
8:49 of 3rd period - Icing by Tom Gilbert.
8:50 of 3rd period - Samuel Pahlsson wins face-off versus Petr Vrana in Capitals zone.
9:50 of 3rd period - Filip Kuba is hit by Samuel Pahlsson.
9:54 of 3rd period - Minor Penalty to Scott Hartnell for Boarding.
9:55 of 3rd period - Patrice Bergeron wins face-off versus Petr Vrana in Thrashers zone.
10:04 of 3rd period - Shot by Bret Hedican.
10:04 of 3rd period - Stopped by Jason LaBarbera without a rebound.
10:05 of 3rd period - Patrice Bergeron wins face-off versus Brad Richards in Capitals zone.
10:27 of 3rd period - Shot by Milan Michalek.
10:27 of 3rd period - Stopped by Jason LaBarbera without a rebound.
10:28 of 3rd period - Henrik Zetterberg wins face-off versus Petr Vrana in Capitals zone.
11:38 of 3rd period - Shot by Milan Michalek.
11:38 of 3rd period - Goal by Milan Michalek - Capitals : 2 - Thrashers : 4.
11:39 of 3rd period - Dainius Zubrus wins face-off versus David Legwand in neutral zone.
12:53 of 3rd period - Minor Penalty to Scott Hartnell for Hooking.
12:54 of 3rd period - Patrice Bergeron wins face-off versus Brad Richards in Thrashers zone.
14:14 of 3rd period - Icing by Brenden Morrow.
14:15 of 3rd period - Henrik Zetterberg wins face-off versus Petr Vrana in Thrashers zone.
14:17 of 3rd period - Icing by Brenden Morrow.
14:18 of 3rd period - Henrik Zetterberg wins face-off versus Petr Vrana in Thrashers zone.
14:50 of 3rd period - Off-side.
14:51 of 3rd period - Brad Richards wins face-off versus Patrice Bergeron in neutral zone.
15:13 of 3rd period - Shot by David Legwand.
15:13 of 3rd period - Shot Blocked by Shea Weber.
15:17 of 3rd period - Shot by Jonathan Cheechoo.
15:17 of 3rd period - Shot Misses the Net.
15:56 of 3rd period - Shot by Brad Richards.
15:56 of 3rd period - Stopped by Ilja Bryzgalov without a rebound.
15:57 of 3rd period - Patrice Bergeron wins face-off versus Petr Vrana in Thrashers zone.
15:57 of 3rd period - Patrice Bergeron is hit by Matt Pettinger.
16:08 of 3rd period - Off-side.
16:09 of 3rd period - Milan Michalek wins face-off versus Pavol Demitra in neutral zone.
16:25 of 3rd period - Minor Penalty to Rostislav Klesla for Holding.
16:26 of 3rd period - Patrice Bergeron wins face-off versus Petr Vrana in Capitals zone.
16:49 of 3rd period - Mike Commodore is hit by Patrice Bergeron and loses puck.
17:18 of 3rd period - Shot by Brenden Morrow.
17:18 of 3rd period - Stopped by Jason LaBarbera without a rebound.
17:19 of 3rd period - Henrik Zetterberg wins face-off versus Petr Vrana in Capitals zone.
18:42 of 3rd period - Shot by David Legwand.
18:42 of 3rd period - Stopped by Ilja Bryzgalov without a rebound.
18:43 of 3rd period - Brad Richards wins face-off versus Martin Hanzal in Thrashers zone.
18:49 of 3rd period - Brad Richards is hit by Brad Stuart and loses puck.


Output by the SimonT Hockey Simulator (STHS) for Jason Fisher -- Original Page W3C XHTML 1.0 Valid